 Dungeon Sprint DCSS version 0.29.1-12-g30fa7ad0bf (webtiles) character file.

Game seed: 17228227736194505946

123 Groucho the Covert (level 4, 0/19 HPs)
             Began as a Felid Transmuter on Jan 8, 2023.
             Slain by a neqoxec (5 damage)
             ... in the Dungeon (Sprint II: "The Violet Keep of Menkaure").
             The game lasted 00:00:46 (41 turns).

Groucho the Covert (Felid Transmuter)                 Turns: 41, Time: 00:00:47

Health: 0/19       AC:  1    Str:  8    XL:     4   Next: 79%
Magic:  10/11      EV: 17    Int: 14    God:
Gold:   0          SH:  0    Dex: 16    Spells: 11/12 levels left
                                        Lives:  0   Deaths: 1

rFire   . . .      SeeInvis +     - Unarmed
rCold   . . .      Faith    .   (shield unavailable)
rNeg    . . .      Spirit   .   (body armour unavailable)
rPois   .          Reflect  .   (helmet unavailable)
rElec   .          Harm     .   (cloak unavailable)
rCorr   .          Rampage  .   (gloves unavailable)
Will    .....      NoTele   +   (boots unavailable)
Stlth   ++++......              (no amulet)
HPRegen 0.00/turn               (no ring)
MPRegen 0.12/turn               (no ring)

@: inhibited regen, quick
A: very small, claws 1, fangs 3, see invisible, speed 1, shaggy fur 1, stealthy
paws, no weapons or thrown items, no armour, multi-lived, inhibited regeneration
a: no special abilities


You were in the Dungeon.
You visited 1 branch

Inventory:

Scrolls
 g - a scroll of blinking
Potions
 b - a potion of curing
 c - a potion of heal wounds
 d - a potion of haste
 e - 2 potions of magic
 f - a potion of berserk rage


   Skills:
 - Level 1.0 Fighting
 - Level 2.6 Dodging
 * Level 9.9 Stealth
 + Level 5.8 Unarmed Combat
 + Level 4.9 Spellcasting
 + Level 5.8 Transmutations


You had 11 spell levels left.
You knew the following spells:

 Your Spells              Type           Power      Damage    Failure   Level
a - Beastly Appendage     Tmut           38%        N/A       1%          1

Your spell library contained the following spells:

 Spells                   Type           Power      Damage    Failure   Level
 Wereblood                Tmut           19%        N/A       2%          2
 Spider Form              Tmut/Pois      11%        N/A       16%         3
 Ice Form                 Ice/Tmut       11%        N/A       47%         4


Dungeon Overview and Level Annotations

Branches:
Dungeon (1/1)

Altars:
Gozag
Okawaru


Innate Abilities, Weirdness & Mutations

You have sharp claws.
You have razor-sharp teeth.
You have supernaturally acute eyesight. (SInv)
You cover ground quickly. (Speed+)
You are covered in fur. (AC +1)
Your paws help you pounce on unaware monsters.
You are incapable of wielding weapons or throwing items.
You cannot wear armour.
You gain extra lives every three experience levels.
You do not regenerate when monsters are visible.


Message History

Okay, then.
Really walk into a travel-excluded area?
Found an iron altar of Okawaru and an opulent altar of Gozag.
You barely miss Menkaure.
Menkaure is heavily damaged.
Menkaure barely misses you.
You scratch Menkaure.
Menkaure is heavily damaged.
Menkaure misses you.
You scratch Menkaure.
Menkaure is heavily damaged.
Menkaure barely misses you.
You scratch Menkaure but do no damage.
Menkaure is heavily damaged.
You barely miss Menkaure.
Menkaure is heavily damaged.
Menkaure closely misses you.
You claw Menkaure! You bite Menkaure, but do no damage.
Menkaure is almost destroyed.
Menkaure hits you.
You closely miss Menkaure. You bite Menkaure.
You destroy Menkaure!
Your Stealth skill increases to level 9!
Welcome back to level 4!
Unknown command.
Unknown command.
Unknown command.
You open the door.
The neqoxec shouts!
The neqoxec gestures at you.
Something tries to feed on your intellect!
There is an open door here.
You closely miss the neqoxec. The neqoxec barely misses you.
You scratch the neqoxec but do no damage.
Your claw misses the neqoxec. The neqoxec hits you!
* * * LOW HITPOINT WARNING * * *
You scratch the neqoxec.
The neqoxec is lightly wounded.
The neqoxec hits you.
You die...

#+++ ... #.. #.####
#....# # ###..## ##.
#+# #.##..#
#.B.##.##.#3#..#
#+.<†33##@..###
#.B$##.##3.##.§§§###..
##. #+# .##...§..§~~ #
#§~§§§..§#+
#~~~§~~~..~#_
#§~§§~~~~.~#.
#§~~≈≈≈~~~~~#_
~~~~~§§§≈§~§§#.
+++#§≈≈§≈§≈≈~#.


You could see a neqoxec.

Vanquished Creatures
  A neqoxec (D)
  Menkaure (D)
2 creatures vanquished.

Notes
Turn   | Place    | Note
-------+----------+-------------------------------------------
     0 | D        | Groucho the Felid Transmuter began the quest for the Orb.
     0 | D        | Reached XP level 1. HP: 9/9 MP: 4/4
     1 | D        | Noticed a boulder beetle
     1 | D        | Noticed a boulder beetle
     5 | D        | Noticed a neqoxec
     5 | D        | Noticed a neqoxec
     5 | D        | Noticed a neqoxec
     5 | D        | Noticed a neqoxec
     5 | D        | Gained mutation: You do not regenerate when monsters are
                  | visible. [a neqoxec]
    13 | D        | Killed a neqoxec
    14 | D        | Reached skill level 8 in Stealth
    14 | D        | Reached skill level 5 in Unarmed Combat
    14 | D        | Reached skill level 5 in Transmutations
    14 | D        | Reached XP level 2. HP: 11/12 MP: 5/8
    14 | D        | Reached XP level 3. HP: 13/15 MP: 5/9
    14 | D        | Reached XP level 4. HP: 17/19 MP: 6/11
    18 | D        | Slain by a neqoxec
    19 | D        | Reached XP level 3. HP: 0/22 MP: 6/9
    19 | D        | Noticed Menkaure
    26 | D        | Found an iron altar of Okawaru.
    26 | D        | Found an opulent altar of Gozag.
    33 | D        | Killed Menkaure
    34 | D        | Reached skill level 9 in Stealth
    34 | D        | Reached XP level 4. HP: 14/19 MP: 9/11
    41 | D        | Slain by a neqoxec

Illustrated notes

Levels and vault maps discovered:
D:        the_violet_keep_of_menkaure [sprint2_stairs_cluster_1,
          sprint2_shoproom, sprint2_temple, sprint2_basic_supplies,
          sprint2_obstacle_7, sprint2_obstacle_2, sprint2_obstacle_1,
          sprint2_obstacle_5, sprint2_obstacle_4, sprint2_timed_cluster_1,
          sprint2_smallroom_cluster_1, sprint2_smallroom_final_cluster_1,
          sprint2_transparent_cluster_1, sprint2_second_timed_cluster_1,
          sprint2_sniper_area_1, sprint2_heavy_combat_area_1,
          sprint2_mutation_trap_area_1, sprint2_forest_area_1,
          sprint2_light_combat_area_1, sprint2_behind_water_1,
          sprint2_near_end_vault_1]

Skill      XL: |  1  2  3 |
---------------+----------+-----
Stealth        | 8 9 |  9.9
Unarmed Combat | 5 |  5.8
Spellcasting   | 4 |  4.9
Transmutations | 5 |  5.8
Fighting       | |  1.0
Dodging        | |  2.6

Action                   |  1- 3 |  4- 6 || total
-------------------------+-------+-------++-------
Melee: Unarmed           |    14 |     8 ||    22
       Bite              |     2 |       ||     2
  Use: Potion            |     1 |       ||     1
Armor: Skin              |     4 |     2 ||     6
Dodge: Dodged            |     4 |     1 ||     5
